 Dungeon Crawl Stone Soup version 0.21-a0-536-gdbbf329 (webtiles) character file.

55 slep the Chopper (level 3, 0/27 HPs)
             Began as a Demonspawn Gladiator on Dec 15, 2017.
             Slain by a gnoll
             ... wielding a +0 club
              (4 damage)
             ... on level 1 of the Dungeon.
             The game lasted 00:03:42 (1330 turns).

slep the Chopper (Demonspawn Gladiator)             Turns: 1330, Time: 00:03:43

Health: 0/27       AC:  4    Str: 15    XL:     3   Next: 67%
Magic:  0/3        EV: 13    Int:  9    God:
Gold:   61         SH:  0    Dex: 14    Spells: 2/2 levels left

rFire    . . .     SeeInvis .   a - +0 war axe
rCold    . . .     Gourm    .   (no shield)
rNeg     . . .     Faith    .   b - +0 leather armour
rPois    .         Spirit   +   c - +0 helmet
rElec    .         Reflect  .   (no cloak)
rCorr    .         Harm     .   (no gloves)
MR       .....                  (no boots)
Stlth    +.........             (no amulet)
HPRegen  0.09/turn              e - ring of wizardry
MPRegen  0.08/turn              (no ring)

@: no status effects
A: hooves 1, magic shield
a: no special abilities


You were on level 1 of the Dungeon.
You were very hungry.

You visited 1 branch of the dungeon, and saw 2 of its levels.

You collected 61 gold pieces.

Inventory:

Hand Weapons
 a - a +0 war axe (weapon)
Missiles
 d - 3 throwing nets (quivered)
Armour
 b - a +0 leather armour (worn)
 c - a +0 helmet (worn)
Jewellery
 e - a ring of wizardry (left hand)
Scrolls
 i - a scroll of identify {unknown}
 m - a scroll of teleportation {unknown}
Potions
 g - a potion of invisibility {unknown}
 h - 3 potions of magic {unknown}
 k - 2 potions of heal wounds {unknown}
Comestibles
 f - 2 bread rations
 j - 2 meat rations


   Skills:
 + Level 2.3 Fighting
 + Level 3.3 Axes
 + Level 2.0 Throwing
 + Level 0.8 Armour
 + Level 3.2 Dodging


You had 2 spell levels left.
You didn't know any spells.

Dungeon Overview and Level Annotations

Branches:
Dungeon (2/15)

Altars:


Innate Abilities, Weirdness & Mutations

You have large cloven feet.
When hurt, damage is shared between your health and your magic reserves.


Message History

There is a stone staircase leading down here.
You slash the gnoll!
The gnoll is severely wounded.
You hit the gnoll but do no damage. The gnoll hits you with a spear.
The gnoll hits you but does no damage. The gnoll hits you with a spear.
* * * LOW HITPOINT WARNING * * *
You slash the gnoll!
You kill the gnoll!
You barely miss the gnoll. The gnoll hits you with a club.
* * * LOW HITPOINT WARNING * * *
The gnoll barely misses you.
You barely miss the gnoll. Your kick misses the gnoll.
The gnoll hits you but does no damage.
You slash the gnoll! You kick the gnoll.
The gnoll is heavily wounded.
The gnoll completely misses you.
You barely miss the gnoll. You kick the gnoll.
The gnoll is severely wounded.
The gnoll hits you with a club.
You die...

###...###...###..# #########.
#.............#..# #.........
#.............#..# #.########
...###...###.....# #.# #.....
...#<......#.....# #.# #.####
...#^......#.....# #.# #.####
#.............#..# #.# #(....
#......#......#.)#######.###.....
#.............#.@..........(..>..
...#.......#...#.g.......####....
...#......>#...########### #....
...###...###...# #####
#.............## ###
#.............# #..
###...###...### #.. # ##### #####
#.. # ###


You could see a gnoll.

Vanquished Creatures
  A gnoll (D:1)
  A shadow imp (D:2)
  A ball python (D:2)
  5 bats
  6 goblins (D:1)
  4 hobgoblins
  6 jackals (D:1)
  3 frilled lizards
  3 kobolds (D:1)
  4 rats
34 creatures vanquished.

Notes
Turn   | Place    | Note
-------+----------+-------------------------------------------
     0 | D:1      | slep the Demonspawn Gladiator began the quest for the Orb.
     0 | D:1      | Reached XP level 1. HP: 16/16 MP: 1/1
   148 | D:1      | Gained mutation: When hurt, damage is shared between your health and your magic reserves. [demonic ancestry]
   148 | D:1      | Reached XP level 2. HP: 22/22 MP: 2/2
   687 | D:1      | Gained mutation: You have large cloven feet. [demonic ancestry]
   687 | D:1      | Reached XP level 3. HP: 27/27 MP: 3/3
  1011 | D:2      | HP: 1/27 [gnoll/spear (3)]
  1330 | D:1      | Slain by a gnoll

Vault maps used:
D:1:      minmay_arrival_open_corners
D:2:      grunt_temple_overflow_open, ashenzari_altar_1, first_bread

Skill      XL: |  1  2 |
---------------+-------+-----
Dodging        | 3 |  3.2
Axes           | 3 |  3.3
Throwing       | 2 |  2.0
Fighting       | |  2.3
Armour         | |  0.8

Action                   || total
-------------------------++-------
Melee: War axe           ||   106
       Kick              ||     6
Armor: Leather armour    ||    33
Dodge: Dodged            ||   101

Table legend:
 A = Spawn XP
 B = Non-spawn XP
 C = Spawn XP percentage of total XP
 D = Spawn monster count
 E = Non-spawn monster count
 F = Spawn count percentage of total count
 G = Total turns spent on level
                    A         B        C        D         E        F      G
               +---------+---------+-------+---------+---------+-------+---------
         Total |       0 |      79 |   0.0 |       0 |      34 |   0.0 |  1330
               +---------+---------+-------+---------+---------+-------+---------
           D:1 |       0 |      57 |   0.0 |       0 |      26 |   0.0 |  1031
           D:2 |       0 |      22 |   0.0 |       0 |       8 |   0.0 |   299
               +---------+---------+-------+---------+---------+-------+---------
